 Dungeon Crawl Stone Soup version 0.24.0-1-gfbc8707 (webtiles) character file.

Game seed: 2563766613982211804, levelgen mode: deterministic

3705 vhaine the Carver (level 10, -8/84 HPs)
             Began as a Naga Berserker on Oct 29, 2019.
             Was a High Priest of Trog.
             Mangled by a warg (9 damage)
             ... on level 8 of the Dungeon.
             The game lasted 00:19:34 (9100 turns).

vhaine the Carver (Naga Berserker)                  Turns: 9100, Time: 00:19:34

Health: -8/84      AC: 13    Str: 22    XL:     10   Next: 14%
Magic:  10/10      EV:  8    Int:  8    God:    Trog [*****.]
Gold:   253        SH:  4    Dex: 15    Spells: 9/9 levels left

rFire    . . .     SeeInvis +   n - +0 scimitar
rCold    . . .     Gourm    .   (no shield)
rNeg     . . .     Faith    .   m - +2 scale mail of Untruth {Dex+4}
rPois    +         Spirit   .   q - +2 hat
rElec    .         Reflect  +   x - +2 cloak
rCorr    .         Harm     .   (no gloves)
MR       +....                  (no barding)
Stlth    ..........             j - +4 amulet of reflection
HPRegen  0.24/turn              (no ring)
MPRegen  0.12/turn              (no ring)

@: berserk cooldown, slowed, very slow
A: large, see invisible, deformed body, poison resistance, slowness 2, slow
metabolism 1, spit poison 1, AC +3
a: Spit Poison, Berserk, Trog's Hand, Brothers in Arms, Renounce Religion


You were on level 8 of the Dungeon.
You worshipped Trog.
Trog was extremely pleased with you.
You were hungry.

You visited 1 branch of the dungeon, and saw 7 of its levels.
You also visited: Sewer.

You collected 322 gold pieces.
You spent 69 gold pieces at shops.

Inventory:

Hand Weapons
 a - a +1 falchion
 n - a +0 scimitar (weapon)
Armour
 d - a +0 helmet
 m - the +2 scale mail of Untruth (worn) {Dex+4}
   (You found it on level 4 of the Dungeon)

   It affects your dexterity (+4).
 q - a +2 hat (worn)
 x - a +2 cloak (worn)
 z - the cursed +0 ring mail of the Hills {Stlth+, unknown}
   (You found it on level 6 of the Dungeon)

   It makes you more stealthy.
   It has a curse placed upon it.
 A - the +1 leather armour of the Orb Guardian {rF+ SInv, unknown}
   (You found it on level 7 of the Dungeon)

   It protects you from fire.
   It lets you see invisible.
Jewellery
 e - an uncursed ring of teleportation
 j - a +4 amulet of reflection (around neck)
Wands
 k - a wand of digging (3)
 y - a wand of clouds (2)
Scrolls
 h - 2 scrolls of magic mapping
 l - 2 scrolls of teleportation
 o - 2 scrolls of fog
 s - 2 scrolls of identify
 w - a scroll of fear
 D - a scroll of immolation {unknown}
Potions
 b - 2 potions of curing {unknown}
 f - 2 potions of flight {unknown}
 g - 2 potions of heal wounds
 i - 2 potions of invisibility {unknown}
 p - 2 potions of degeneration {unknown}
 r - 2 potions of magic {unknown}
 t - a potion of brilliance {unknown}
 u - a potion of haste {unknown}
 v - 2 potions of might {unknown}
 B - 2 potions of mutation {unknown}
Comestibles
 c - 14 rations
 C - 12 chunks of flesh


   Skills:
 - Level 3.1 Fighting
 + Level 13.9 Long Blades
 - Level 1.6 Armour
 - Level 1.6 Dodging


You had 9 spell levels left.
You didn't know any spells.
Your spell library was empty.

Dungeon Overview and Level Annotations

Branches:
Dungeon (8/15)             Temple (0/1) D:6           Sewer (visited)
   Lair: D:8-11

Altars:
Dithmenos
Elyvilon
Fedhas
Makhleb
Nemelex Xobeh
Ru
Trog
Uskayaw
Yredelemnul
Zin

Shops:
D:4 (?}   D:8 *

Annotations:
D:5 2 transporters
D:7 1 runed translucent door, Crazy Yiuf


Innate Abilities, Weirdness & Mutations

You cannot wear boots.
Your serpentine skin is tough. (AC +3)
You have supernaturally acute eyesight. (SInv)
Armour fits poorly on your strangely shaped body.
Your system is resistant to poisons. (rPois)
You cover ground very slowly.
You have a slow metabolism.
You can spit poison.


Message History

The warg bites you but does no damage. You block the orc priest's attack.
Things that are here:
a +0 trident; a +0 chain mail The orc priest invokes the aid of Beogh against you.
Beogh smites you!
* * * LOW HITPOINT WARNING * * *
You block the warg's attack.
The orc priest looks braver for a moment.
The warg barely misses you. The warg barely misses you.
As you read the scroll of fog, it crumbles to dust.
The scroll dissolves into smoke.
You block the warg's attack. The warg barely misses you.
You riposte.
You miss the warg.
Some of the chunks of flesh in your inventory have rotted away.
The warg bites you!
* * * LOW HITPOINT WARNING * * *
The warg closely misses you.
You riposte.
You slash the warg!
The warg is heavily wounded.
The warg bites you!
You die...

######## #......#
#......##########
######......#........#####
##>...+§§§§§.'.............
#.....#§§o§§.#........#####
+.....#§§h@..##########
#[...[§####### ..#+###)#
#o.# #o.h# ooh..# ooo)..# .
.P..P..# . ........


You could see a warg and an orc wizard.

Vanquished Creatures
  3 hippogriffs (D:7)
  2 sky beasts
  2 ice beasts (D:5)
  2 phantoms
  4 orc warriors
  3 ogres
  2 centaurs
  A gnoll sergeant (D:6)
  A water moccasin zombie (D:8)
  A wyvern skeleton (D:6)
  2 scorpions
  5 killer bees (D:7)
  2 howler monkeys (D:7)
  2 jellies
  A bullfrog zombie (D:6)
  4 crimson imps
  A centaur zombie (D:7)
  2 bullfrog skeletons
  2 centaur skeletons (D:6)
  An orc priest (D:8)
  5 hounds
  Natasha (D:2)
  7 orc wizards
  6 worker ants
  A hound skeleton (D:5)
  A hound zombie (D:5)
  4 worker ant zombies
  5 gnolls (D:6)
  5 adders
  A shadow imp (D:7)
  3 oozes (Sewer)
  An adder zombie (D:5)
  6 worms
  An adder skeleton (D:4)
  A dart slug (D:1)
  9 leopard geckos
  26 orcs
  7 bats
  8 giant cockroaches
  2 goblins
  6 hobgoblins
  21 jackals
  3 quokkas
  4 ball pythons
  7 frilled lizards
  A jackal skeleton (D:5)
  3 kobolds
  A leopard gecko skeleton (D:7)
  2 quokka skeletons
  4 rats
195 creatures vanquished.

Notes
Turn   | Place    | Note
-------+----------+-------------------------------------------
     0 | D:1      | vhaine the Naga Berserker began the quest for the Orb.
     0 | D:1      | Reached XP level 1. HP: 21/21 MP: 1/1
    78 | D:1      | Reached XP level 2. HP: 20/28 MP: 2/2
   918 | D:1      | Reached XP level 3. HP: 34/34 MP: 3/3
   960 | D:2      | Reached skill level 4 in Long Blades
   986 | D:2      | Noticed Natasha
  1001 | D:2      | Killed Natasha
  1112 | D:2      | Reached XP level 4. HP: 21/42 MP: 4/4
  1137 | D:2      | Reached skill level 5 in Long Blades
  1527 | D:2      | Noticed a +0 dagger
  1527 | D:2      | Noticed a +0 dagger
  1529 | D:2      | Found a hide-covered altar of Uskayaw.
  1702 | D:2      | Found a sacrificial altar of Ru.
  1703 | D:2      | Found a blossoming altar of Fedhas.
  1862 | D:2      | You fall into a shaft and drop 2 floors!
  1870 | D:4      | Reached XP level 5. HP: 47/49 MP: 5/5
  1890 | D:4      | Got a bloodstained scale mail
  1891 | D:4      | Identified the +2 scale mail of Untruth {Dex+4} (You found
                  | it on level 4 of the Dungeon)
  2043 | D:4      | Found Esiolos's Weapon Shop.
  2120 | D:4      | Found a glowing drain.
  2125 | D:4      | Reached ** piety under Trog
  2143 | Sewer    | Entered a sewer
  2152 | Sewer    | Reached skill level 6 in Long Blades
  2958 | D:4      | Found Neewes's Gadget Boutique.
  2994 | D:4      | Found Qettoqocw's Magic Scroll Emporium.
  2997 | D:4      | Bought a scroll of fog for 26 gold pieces
  2997 | D:4      | Bought a scroll of random uselessness for 13 gold pieces
  3130 | D:4      | Reached XP level 6. HP: 56/56 MP: 6/6
  3448 | D:5      | Entered Level 5 of the Dungeon
  3509 | D:5      | Reached skill level 7 in Long Blades
  3710 | D:5      | Found a white marble altar of Elyvilon.
  3767 | D:5      | Found a basalt altar of Yredelemnul.
  3939 | D:5      | Reached *** piety under Trog
  3939 | D:5      | Reached XP level 7. HP: 55/62 MP: 7/7
  4084 | D:5      | Reached skill level 8 in Long Blades
  4433 | D:5      | Reached skill level 9 in Long Blades
  4571 | D:5      | Reached XP level 8. HP: 69/69 MP: 8/8
  4657 | D:5      | Found a transporter.
  4660 | D:5      | Noticed a wyvern
  4660 | D:5      | Noticed a green ugly thing
  4665 | D:5      | Found a bloodstained altar of Trog.
  4680 | D:5      | Found a transporter.
  5357 | D:6      | Found a staircase to the Ecumenical Temple.
  5430 | D:6      | Reached skill level 10 in Long Blades
  5510 | D:6      | Found a sparkling altar of Nemelex Xobeh.
  5834 | D:6      | Found a glowing silver altar of Zin.
  6221 | D:6      | Got an ancient ring mail
  6440 | D:7      | Noticed a hippogriff
  6628 | D:7      | Reached skill level 11 in Long Blades
  6634 | D:7      | Reached **** piety under Trog
  6646 | D:7      | Reached XP level 9. HP: 59/75 MP: 9/9
  7047 | D:7      | Found a runed translucent door.
  7048 | D:7      | Noticed Crazy Yiuf
  7210 | D:7      | Reached skill level 12 in Long Blades
  7219 | D:7      | Found a burning altar of Makhleb.
  8073 | D:7      | Reached skill level 13 in Long Blades
  8108 | D:7      | Reached ***** piety under Trog
  8234 | D:7      | Got a faintly humming leather armour
  8603 | D:8      | Found a shadowy altar of Dithmenos.
  8605 | D:8      | Found Lodd's Assorted Antiques.
  8797 | D:8      | Reached XP level 10. HP: 69/84 MP: 10/10
  8801 | D:8      | Received a gift from Trog
  8859 | D:8      | Bought a scroll labeled TYSINUONAD for 30 gold pieces
  9099 | D:8      | HP: 1/84 [warg (10)]
  9100 | D:8      | Mangled by a warg

Levels and vault maps discovered:
D:1:      dpeg_arrival_erosion, layout_rooms
D:2:      layout_basic, dancing_weapons_uskayaw,
          gammafunk_temple_overflow_pools, uniq_natasha
D:4:      layout_basic, serial_shops, nicolae_shop_trees, kennysheep_mini_moat,
          kennysheep_mini, portal_sewer_entry_f
D:5:      minmay_bubble_buster, layout_loops_ring, kennysheep_ying_yang,
          gammafunk_temple_overflow_arena, first_ration
D:6:      layout_basic, lemuel_crystal_altar, nemelex_xobeh_ov_fountains_minmay,
          minmay_temple_entry_large_hall
D:7:      layout_cave_pods, makhleb_heckhound_becter, uniq_crazy_yiuf_cottage
D:8:      layout_basic, grunt_dithmenos_smoke, erik_lair_orcish_takeover,
          serial_shops, nicolae_shop_stone

Skill      XL: |  1  2  3  4  5  6  7  8  9 |
---------------+----------------------------+-----
Long Blades    | 4 5 6 7 9 11 13 | 13.9
Fighting       | |  3.1
Armour         | |  1.6
Dodging        | |  1.6

Action                   |  1- 3 |  4- 6 |  7- 9 | 10-12 || total
-------------------------+-------+-------+-------+-------++-------
Melee: Falchion          |    59 |   165 |   531 |       ||   755
       Scimitar          |       |       |    10 |    61 ||    71
Invok: Berserk           |     3 |     6 |     7 |     1 ||    17
 Abil: Spit Poison       |    19 |    19 |    28 |     2 ||    68
  Use: Scroll            |     2 |     4 |     3 |     2 ||    11
  Eat: Chunk             |     2 |    15 |    21 |       ||    38
       Ration            |       |       |     1 |       ||     1
Armor: Animal skin       |     4 |       |       |       ||     4
       Chain mail        |    21 |    16 |       |       ||    37
       Scale mail        |       |    81 |   249 |    32 ||   362
Dodge: Dodged            |    33 |    74 |   169 |    16 ||   292
Block: Other             |       |       |       |     7 ||     7
       Rpst.: Falchion   |    11 |    26 |    50 |       ||    87
       Scimitar          |       |       |       |     7 ||     7
